 Dungeon Crawl Stone Soup version 0.27-a0-463-gec7707c53d (webtiles) character file.

Game seed: 15750051141536942326

2 Byz the Sneak (level 1, 0/9 HPs)
             Began as a Spriggan Enchanter on Feb 28, 2021.
             Slain by a kobold
             ... wielding a +0 short sword
              (4 damage)
             ... on level 1 of the Dungeon.
             The game lasted 00:01:32 (117 turns).

Byz the Sneak (Spriggan Enchanter)                   Turns: 117, Time: 00:01:33

Health: 0/9        AC:  2    Str:  4    XL:     1   Next: 25%
Magic:  5/5        EV: 17    Int: 16    God:
Gold:   13         SH:  0    Dex: 15    Spells: 4/5 levels left

rFire    . . .     SeeInvis +   a - +1 dagger
rCold    . . .     Faith    .   (shield restricted)
rNeg     . . .     Spirit   .   b - +0 robe
rPois    .         Reflect  .   (helmet restricted)
rElec    .         Harm     .   (no cloak)
rCorr    .         Rampage  .   (gloves unavailable)
Will     .....                  (boots unavailable)
Stlth    +++.......             (no amulet)
HPRegen  0.03/turn              (no ring)
MPRegen  0.09/turn              (no ring)

@: very quick
A: very small, unfitting armour, see invisible, speed 3
a: no special abilities


You were on level 1 of the Dungeon.
You visited 1 branch of the dungeon, and saw 1 of its levels.

You collected 13 gold pieces.

Inventory:

Hand Weapons
 a - a +1 dagger (weapon)
Missiles
 d - a throwing net
 f - 4 stones
 g - 13 poisoned darts
Armour
 b - a +0 robe (worn)
Scrolls
 c - a scroll of identify {unknown}
Potions
 e - 2 potions of flight {unknown}


   Skills:
 + Level 1.1 Short Blades
 + Level 2.7 Dodging
 * Level 4.5 Stealth
 + Level 2.7 Spellcasting
 + Level 3.7 Hexes


You had 4 spell levels left.
You knew the following spells:

 Your Spells              Type           Power        Failure   Level
a - Corona                Hex            15%          4%          1

Your spell library contained the following spells:

 Spells                   Type           Power        Failure   Level
 Confusing Touch          Hex            14%          13%         3
 Tukima's Dance           Hex            14%          13%         3
 Ensorcelled Hibernation  Hex/Ice        16%          14%         2
 Dazzling Flash           Conj/Hex       16%          26%         3


Dungeon Overview and Level Annotations

Branches:
Dungeon (1/15)

Altars:


Innate Abilities, Weirdness & Mutations

You are very small and have problems with some larger weapons.
You are too small for most types of armour.
You have supernaturally acute eyesight. (SInv)
You cover ground extremely quickly.


Message History

You kill the kobold!
e - 2 green potions You see here 4 stones.
f - 4 stones
Aiming: Corona (safe; 4% risk of failure)
Press: ? - help, Q - select action, (/) - cycle Shift-Dir - straight line, f - you
Okay, then.
Okay, then.
Aiming: Corona (safe; 4% risk of failure)
Press: ? - help, Q - select action, (/) - cycle Shift-Dir - straight line Nothing appears to happen.
Magic restored.
Found 13 poisoned darts.
You see here 13 poisoned darts.
You see here 13 poisoned darts.
g - 13 poisoned darts
Found a dagger.
A kobold comes into view. It is wielding a +0 short sword.
You see here a scroll labelled QAPTAE AHEEFEO.
The kobold shouts!
The kobold misses you.
You hit the kobold.
The kobold is moderately wounded.
The kobold completely misses you.
You hit the kobold.
The kobold is severely wounded.
The kobold hits you with a +0 short sword.
Ouch! That really hurt!
You are too injured to fight recklessly!
You are too injured to fight recklessly!
You are too injured to fight recklessly!
You are too injured to fight recklessly!
You are too injured to fight recklessly!
You closely miss the kobold.
The kobold is severely wounded.
The kobold closely misses you.
You barely miss the kobold.
The kobold is severely wounded.
The kobold hits you with a +0 short sword.
You die...

##### #...# ##.#.#
######.##.#.#
######...@K.##.#.#
###....?.#######.#.####
....###..##...........#
......#..##.####.#.##.#
#.......#.......#.#
#.###..##..######.#
#......##..###....#
####...##..#.....##
#.).##..#.....#


You could see a kobold.

Vanquished Creatures
  A kobold (D:1)
  A rat (D:1)
2 creatures vanquished.

Notes
Turn   | Place    | Note
-------+----------+-------------------------------------------
     0 | D:1      | Byz the Spriggan Enchanter began the quest for the Orb.
     0 | D:1      | Reached XP level 1. HP: 9/9 MP: 5/5
   117 | D:1      | Slain by a kobold

Illustrated notes

Levels and vault maps discovered:
D:1:      wheals_arrival_shading, layout_basic

Action                   || total
-------------------------++-------
Melee: Dagger            ||     7
 Cast: Corona            ||     1
 Stab: Sleeping          ||     1
Dodge: Dodged            ||     5

Table legend: (Time is in decaauts)
 A = Elapsed time spent in this place.
 B = Non-inter-level travel time spent in this place.
 C = Inter-level travel time spent in this place.
 D = Time resting spent in this place.
 E = Time spent auto-exploring this place.
 F = Levels seen in this place.
 G = Mean time per level.
                   A        B        C        D        E       F      G
               +--------+--------+--------+--------+--------+-----+--------+
         Total |     79 |     79 |      0 |      0 |     46 |   1 |   79.0 |
       Dungeon |     79 |     79 |      0 |      0 |     46 |   1 |   79.0 |
               +--------+--------+--------+--------+--------+-----+--------+

Top non-repeatable levels by time:
     D:1: 79 daAuts
